Unix NetHack Version 3.7.0-90 Work-in-progress - last build Dec 4 2023 15:25:40 (a4ad6ea61a8c493010e15c9251bbb19a34919cb7,branch:master). Game began 2023-12-05 12:47:03, ended 2023-12-05 13:16:59. elenmirie, neutral female human Priestess ---------------- --------- |..............| #........| |....(.........| #|.......| |...............# #|.......| -------------.--# ###|.......| ### # ## |....<..| ### # ## |.......| ## ## ## -.------- ##### # ## -------.- ## # |.......-##########------ # ## --------------# |.......| #...>.-##"###############%.............|# ## |....u..| #|....| # # |..[.....)?..|##)######## |.....@.d##########|.(..| -............-) -.- - --------- 0|..(.- |............|# |...| ------ -............| |..{| -------------- |...| ----- Elenmirie the Acolyte St:12 Dx:8 Co:12 In:14 Wi:18 Ch:14 Neutral Dlvl:4 $:543 HP:0(32) Pw:48(48) AC:6 Xp:4/112 T:2759 Latest messages: The dart misses the floating eye. In what direction? h The dart misses the floating eye. It is missed. The jar crashes on your head and breaks into shards. The murky potion evaporates. It suddenly gets dark. Wait! There's something there you can't see! You kill it! You can see again. s - 5 uncursed darts (at the ready). You see here an uncursed floating eye corpse. There is an uncursed floating eye corpse here; eat it? [ynq] (n) y Blecch! Rotten food! You feel rather light headed. You feel a strange mental acuity. You hear some noises. You hear some noises in the distance. You feel less confused now. You stop searching. You stumble into a spider web! You are stuck to the web. You disentangle yourself. You see here an uncursed large box. You see here an uncursed large box. Hmmm, the large box turns out to be locked. You hear some noises. You miss the brown mold. It bites the brown mold. It bites the brown mold. The brown mold is killed! You swap places with Yermak. You see here an uncursed brown mold corpse. There is an uncursed brown mold corpse here; eat it? [ynq] (n) y This brown mold corpse tastes okay. You finish eating the brown mold corpse. With great effort you move the boulder. The white unicorn butts! The white unicorn kicks! The white unicorn butts! The white unicorn kicks! You stop. Yermak is in the way! The white unicorn butts! The white unicorn kicks! You die... Do you want your possessions identified? [ynq] (y) y Do you want to see your attributes? [ynq] (y) y Do you want an account of creatures vanquished? [ynaq] (y) y Do you want to see your conduct and achievements? [ynq] (y) y Do you want to see the dungeon overview? [ynq] (y) y Inventory: Coins $ - 543 gold pieces Amulets C - an uncursed amulet of reflection Weapons D - 11 blessed +0 darts s - 5 uncursed +0 darts (at the ready) t - an uncursed +0 dagger a - a blessed +2 mace (weapon in right hand) Armor B - an uncursed +0 orcish helm (being worn) c - an uncursed +0 small shield (being worn) b - an uncursed +0 robe (being worn) Comestibles e - an uncursed clove of garlic f - an uncursed sprig of wolfsbane Scrolls k - an uncursed scroll of gold detection x - an uncursed scroll of identify p - an uncursed scroll of light o - a blessed scroll of punishment A - an uncursed scroll of stinking cloud Spellbooks E - an uncursed spellbook of identify Potions z - an uncursed potion of booze d - 4 potions of holy water F - 3 potions of unholy water Wands m - an uncursed wand of cancellation (0:3) Tools G - a cursed tooled horn y - an uncursed tallow candle Elenmirie the Priestess's attributes: Background: You were an Acolyte, a level 4 human Priestess. You were neutral, nominally on a mission for Raijin who was opposed by Amaterasu Omikami (lawful) and Susanowo (chaotic). You were right-handed. You were in the Dungeons of Doom, on level 4. You entered the dungeon 2759 turns ago. You had 112 experience points, 48 more were needed to attain level 5. Basics: You had 0 out of 32 hit points. You had all 48 energy points (spell power). Your armor class was 6. Your wallet contained 543 zorkmids. Autopickup was on for '$' plus thrown. Final Characteristics: Your strength was 12 (limit:18/100). Your dexterity was 8 (limit:18). Your constitution was 12 (limit:18). Your intelligence was 14 (limit:18). Your wisdom was 18 (limit:18). Your charisma was 14 (limit:18). Final Status: You weren't hungry. You were unencumbered. You were wielding a mace. You had basic skill with mace. Final Attributes: You were piously aligned. You were telepathic. You were guarded. You are dead. Miscellaneous: You encountered 1 bones level. Total elapsed playing time was 29 minutes and 54 seconds. Major events: Turn 1: elenmirie the neutral human Priestess entered the dungeon 1165: entered the Gnomish Mines 1413: attained the rank of Acolyte (level 3) 2759: killed by a white unicorn Vanquished creatures: a rock piercer a shrieker a straw golem a floating eye 2 kittens a giant bat a wererat 2 acid blobs a coyote a hobbit 2 giant rats a brown mold a yellow mold a gnome 2 geckos 5 jackals a fox 2 kobolds 3 goblins 3 sewer rats 4 grid bugs a kobold zombie 8 newts 46 creatures vanquished. No species were genocided or became extinct. Voluntary challenges: You were an atheist. You read items or engraved 5 times. You never engraved Elbereth. You never genocided any monsters. You never polymorphed an object. You never changed form. You used no wishes. Achievements: You entered a shop. You entered the Gnomish Mines. You attained the rank of Acolyte. The Dungeons of Doom: levels 1 to 4 Level 1: A grave. Level 2: A fountain. Level 3: A scroll shop. Stairs down to The Gnomish Mines. Level 4: <- You were here. A fountain, a grave. Final resting place for you, killed by a white unicorn, elenmirie-Pri-Hum-Fem-Neu, killed by a white unicorn. The Gnomish Mines: Level 4: Game over: ---------- / \ / REST \ / IN \ / PEACE \ / \ | elenmirie | | 543 Au | | killed by a | | white unicorn | | | | | | 2023 | *| * * * | * _________)/\\_//(\/(/\)/\//\/|_)_______ Goodbye elenmirie the Priestess... You died in The Dungeons of Doom on dungeon level 4 with 1097 points, and 543 pieces of gold, after 2759 moves. You were level 4 with a maximum of 32 hit points when you died.